 Dungeon Sprint DCSS version 0.30-a0-862-g1aabd4f9c5 (webtiles) character file.

Game seed: 17363133143585154349

280 rocky1 the Scholar (level 9, 0/57 HPs)
             Began as a Demonspawn Earth Elementalist on Mar 9, 2023.
             Was an Elder of Sif Muna.
             Succumbed to Aizul's bolt of poison
             ... in the Dungeon (Sprint VI: "Thunderdome").
             The game lasted 00:08:27 (637 turns).

rocky1 the Scholar (Demonspawn Earth Elementalist)   Turns: 637, Time: 00:08:28

Health: 0/57       AC:  5    Str:  8    XL:     9   Next: 51%
Magic:  5/22       EV: 16    Int: 21    God:    Sif Muna [****..]
Gold:   510        SH:  5    Dex: 14    Spells: 23/27 levels left

rFire   + + +      SeeInvis .    (no weapon)
rCold   + . .      Faith    .    (no shield)
rNeg    . . .      Spirit   .    a - +0 robe
rPois   +          Reflect  +    (no helmet)
rElec   +          Rampage  .    (no cloak)
rCorr   +          NoTele   +    (no gloves)
Will    .....                    (no boots)
Stlth   ++                       m - amulet "Tisel" {Reflect rF++ SH+5}
HPRegen 0.29/turn                (no ring)
MPRegen 0.18/turn                (no ring)

@: lethally poisoned (0 -> -2), resistant, hasted, very quick
A: thin metallic scales 2, powered by death 1, demonic magic 1, demonic touch 1
a: Renounce Religion, Channel Magic, Forget Spell, Divine Exegesis


You were in the Dungeon.
You worshipped Sif Muna.
Sif Muna was greatly pleased with you.
You visited 1 branch You collected 600 gold pieces.
You spent 90 gold pieces at shops.

Inventory:

Armour
 a - a +0 robe (worn)
Jewellery
 l - the amulet "Foismul" {Reflect rF+ Dex-5 SH+5 Stlth+}
   (You bought it in a shop in the Dungeon)

   [amulet of reflection]

   It reflects blocked missile attacks.
   Dex:       It affects your dexterity (-5).
   rF:        It protects you from fire.
   SH:        It affects your SH (+5).
   Stlth:     It makes you more stealthy.
 m - the amulet "Tisel" (around neck) {Reflect rF++ SH+5}
   (You bought it in a shop in the Dungeon)

   [amulet of reflection]

   It reflects blocked missile attacks.
   rF:        It greatly protects you from fire.
   SH:        It affects your SH (+5).
Scrolls
 k - 3 scrolls of fog
Potions
 b - 2 potions of magic
 e - 3 potions of haste
 f - a potion of berserk rage


   Skills:
 + Level 9.5 Dodging
 - Level 2.2 Stealth
 + Level 9.6 Spellcasting
 + Level 9.0 Conjurations
 - Level 1.1 Transmutations
 + Level 10.3 Earth Magic
 + Level 12.7 Invocations


You had 23 spell levels left.
You knew the following spells:

 Your Spells              Type           Power      Damage    Failure   Level
a - Sandblast             Erth           100%       2d20      1%          1
b - Stone Arrow           Conj/Erth      100%       3d13      1%          3

Your spell library contained the following spells:

 Spells                   Type           Power      Damage    Failure   Level
 Passwall                 Tmut/Erth      28%        N/A       1%          2
 Petrify                  Tmut/Erth      34%        N/A       6%          4


Dungeon Overview and Level Annotations

Branches:
Dungeon (1/1)

Altars:
Cheibriados
Dithmenos
Fedhas
Gozag
Kikubaaqudgha
Makhleb
Okawaru
Qazlal
Ru
Sif Muna
Trog
Uskayaw
Vehumet
Wu Jian
Xom
Yredelemnul
Lugonu

Shops:
D *[??*?*:[((!!!!

Annotations:
D Aizul


Innate Abilities, Weirdness & Mutations

You are mostly covered in thin metallic scales. (AC +3)
You regenerate a little health from kills.
Spells you cast may paralyse adjacent enemies.
Your touch may inflict minor irresistible damage on your foes.


Message History

Aim: Aizul (almost dead, 55% to hit)
The stone arrow misses Aizul.
Malevolent energies surge around you.
* * * LOW HITPOINT WARNING * * *
You feel very sick. Aizul hits you!
* * * LOW HITPOINT WARNING * * *
You feel much better.
You feel very sick.
Aizul coils herself and waves her upper body at you.
The bolt of poison misses you.
The bolt of poison hits the guardian serpent!
The guardian serpent hits you!!
* * * LOW HITPOINT WARNING * * *
Aizul hits you.
* * * LOW HITPOINT WARNING * * *
You block the guardian serpent's attack.
Blink to where?
Press: ? - help, Dir - move target, p - Aizul
As you read the scroll of blinking, it crumbles to dust.
* * * LOW HITPOINT WARNING * * *
You feel very sick.
Blink to where?
Press: ? - help, Dir - move target
As you read the scroll of blinking, it crumbles to dust.
* * * LOW HITPOINT WARNING * * *
You feel very sick.
You feel protected.
* * * LOW HITPOINT WARNING * * *
You feel sick.
Okay, then.
* * * LOW HITPOINT WARNING * * *
You feel sick.
You feel yourself speed up.
* * * LOW HITPOINT WARNING * * *
You feel sick.
* * * LOW HITPOINT WARNING * * *
You feel sick.
* * * LOW HITPOINT WARNING * * *
You feel sick.
You die...

##.8.........8.######
_......###÷......__∩##
....†8.# #.8........∩###
.......###.............##
....###...###..÷.......⌠#
....# #.<.# #..........⌠#
....###...###..........⌠#
.......###....÷........##
.....8.# #.8....@...∩###
_......###......___∩##
##.8....S....8.######
#§...........⌠#
###)........###
#_......._# #_......._#
#_......._# #∩.......∩#


There were no monsters in sight!

Vanquished Creatures
  2 hydras (D)
  A naga mage (D)
  3 queen bees (D)
  A tyrant leech (D)
  A water moccasin (D)
  Pargi (D)
  A swamp drake (D)
  2 bullfrogs (D)
  3 killer bees (D)
  2 river rats (D)
  3 adders (D)
  A quokka (D)
  2 ball pythons (D)
  2 rats (D)
25 creatures vanquished.

Notes
Turn   | Place    | Note
-------+----------+-------------------------------------------
     0 | D        | rocky1 the Demonspawn Earth Elementalist began the quest
                  | for the Orb.
     0 | D        | Reached XP level 1. HP: 13/13 MP: 3/3
     3 | D        | Found a bloodstained altar of Trog.
     3 | D        | Found an opulent altar of Gozag.
     4 | D        | Found a corrupted altar of Lugonu.
     4 | D        | Found a burning altar of Makhleb.
     5 | D        | Found a hide-covered altar of Uskayaw.
     5 | D        | Found a basalt altar of Yredelemnul.
     5 | D        | Round 1.
     6 | D        | Found Zek Roud's Do-It-Yourself Clinic.
     6 | D        | Found a stormy altar of Qazlal.
     6 | D        | Found Voepytt's Distillery.
     7 | D        | Found Geaso's Bottled Wisdom.
     7 | D        | Found Amariugh's Distillery.
     7 | D        | Found a sacrificial altar of Ru.
     8 | D        | Found Athegimus's Weapon Rack.
     9 | D        | Found an ancient bone altar of Kikubaaqudgha.
     9 | D        | Found an iron altar of Okawaru.
     9 | D        | Found a snail-covered altar of Cheibriados.
     9 | D        | Found Mumualel's Premium Goods.
     9 | D        | Found Feutiuf's Basic Armour.
     9 | D        | Found Plog's Miscellaneous Merchandise.
    16 | D        | Gained mutation: Spells you cast may paralyse adjacent
                  | enemies. [demonic ancestry]
    16 | D        | Reached XP level 2. HP: 19/19 MP: 1/5
    22 | D        | Found Yfoa's Identification Station.
    22 | D        | Found a blossoming altar of Fedhas.
    22 | D        | Found a radiant altar of Vehumet.
    22 | D        | Found a shadowy altar of Dithmenos.
    23 | D        | Found Laraz's Advanced Armour.
    23 | D        | Found Xoong's Jewellery.
    30 | D        | Reached skill level 1 in Transmutations
    30 | D        | Found a shimmering blue altar of Sif Muna.
    37 | D        | Bought a glittering ruby amulet for 45 gold pieces
    37 | D        | Identified the amulet "Foismul" {Reflect rF+ Dex-5 SH+5
                  | Stlth+} (You bought it in a shop in the Dungeon)
    37 | D        | Bought a transparent garnet amulet for 45 gold pieces
    37 | D        | Identified the amulet "Tisel" {Reflect rF++ SH+5} (You
                  | bought it in a shop in the Dungeon)
    48 | D        | Found Cyg Mujouk's Magic Scroll Shop.
    48 | D        | Found Ceaguran's Magic Scroll Shop.
    49 | D        | Found Erue's Must-Have Magic.
    52 | D        | Became a worshipper of Sif Muna the Loreminder
    94 | D        | Found Kexzul's Staff Store.
    94 | D        | Found a shimmering altar of Xom.
    94 | D        | Found an ornate altar of the Wu Jian Council.
   133 | D        | Noticed a water moccasin
   150 | D        | Killed a water moccasin
   151 | D        | Reached skill level 5 in Earth Magic
   151 | D        | Reached skill level 5 in Invocations
   151 | D        | Gained mutation: You are partially covered in thin metallic
                  | scales. (AC +2) [demonic ancestry]
   151 | D        | Reached XP level 3. HP: 22/24 MP: 2/9
   151 | D        | Reached XP level 4. HP: 27/30 MP: 2/10
   151 | D        | Reached * piety under Sif Muna
   151 | D        | Arena points: 14 (+14) [x2]
   175 | D        | Learned a level 3 spell: Stone Arrow
   184 | D        | Round 2.
   190 | D        | Gained mutation: You are mostly covered in thin metallic
                  | scales. (AC +3) [demonic ancestry]
   190 | D        | Reached XP level 5. HP: 35/35 MP: 10/12
   204 | D        | Noticed Pargi
   208 | D        | Killed Pargi
   208 | D        | Reached ** piety under Sif Muna
   209 | D        | Reached skill level 5 in Dodging
   209 | D        | Reached skill level 5 in Spellcasting
   209 | D        | Reached skill level 6 in Invocations
   224 | D        | Arena points: 56 (+42) [x3]
   300 | D        | Round 3.
   302 | D        | Noticed a five-headed hydra
   311 | D        | Killed a five-headed hydra
   312 | D        | Reached skill level 9 in Invocations
   312 | D        | Reached XP level 6. HP: 41/41 MP: 4/16
   312 | D        | Reached XP level 7. HP: 46/46 MP: 4/17
   341 | D        | Noticed an eight-headed hydra
   348 | D        | Killed an eight-headed hydra
   348 | D        | Reached *** piety under Sif Muna
   349 | D        | Reached skill level 10 in Invocations
   349 | D        | Gained mutation: You regenerate a little health from kills.
                  | [demonic ancestry]
   349 | D        | Reached XP level 8. HP: 52/52 MP: 6/20
   368 | D        | Reached skill level 11 in Invocations
   370 | D        | Noticed a tyrant leech
   377 | D        | Killed a tyrant leech
   394 | D        | Arena points: 140 (+84) [x4]
   447 | D        | Round 4.
   451 | D        | Reached **** piety under Sif Muna
   490 | D        | Gained mutation: Your touch may inflict minor irresistible
                  | damage on your foes. [demonic ancestry]
   490 | D        | Reached XP level 9. HP: 57/57 MP: 13/21
   515 | D        | Noticed a queen bee
   521 | D        | Killed a queen bee
   558 | D        | Noticed a queen bee
   562 | D        | Noticed a queen bee
   563 | D        | Killed a queen bee
   564 | D        | Reached skill level 12 in Invocations
   569 | D        | Killed a queen bee
   569 | D        | Arena points: 280 (+140) [x5]
   570 | D        | Reached skill level 10 in Earth Magic
   602 | D        | Round 5.
   610 | D        | Noticed a naga mage
   614 | D        | Killed a naga mage
   614 | D        | Noticed Aizul
   622 | D        | Noticed a guardian serpent
   626 | D        | HP: 2/57 [Aizul (12)]
   632 | D        | HP: 2/57 [poisoned by Aizul (bolt of poison)]
   637 | D        | Succumbed to Aizul's bolt of poison

Illustrated notes

Levels and vault maps discovered:
D:        arena_sprint

Skill      XL: |  1  2  3  4  5  6  7  8  9 |
---------------+----------------------------+-----
Dodging        | 2 4 7 8 9 |  9.5
Stealth        | 2 |  2.2
Earth Magic    | 4 5 6 8 9 10 | 10.3
Transmutations | 1 |  1.1
Spellcasting   | 4 7 8 9 |  9.6
Invocations    | 5 9 10 11 12 | 12.7
Conjurations   | 6 7 9 |  9.0

Action                     |  1- 3 |  4- 6 |  7- 9 || total
---------------------------+-------+-------+-------++-------
   Cast: Sandblast         |    14 |    11 |       ||    25
         Stone Arrow       |       |     3 |    41 ||    44
 Invoke: Channel Magic     |       |     1 |     5 ||     6
  Evoke: Wand              |       |     5 |     5 ||    10
    Use: Potion            |     3 |       |     5 ||     8
         Scroll            |     1 |       |     3 ||     4
 Armour: Robe              |       |     1 |       ||     1
  Dodge: Dodged            |     4 |       |     4 ||     8
  Block: Other             |     3 |       |     4 ||     7

Table legend: (Time is in decaauts)
 A = Elapsed time spent in this place.
 B = Non-inter-level travel time spent in this place.
 C = Inter-level travel time spent in this place.
 D = Time resting spent in this place.
 E = Time spent auto-exploring this place.
 F = Levels seen in this place.
 G = Mean time per level.
                   A        B        C        D        E       F      G
               +--------+--------+--------+--------+--------+-----+--------+
         Total |    648 |    648 |      0 |    169 |     32 |   1 |  648.0 |
       Dungeon |    648 |    648 |      0 |    169 |     32 |   1 |  648.0 |
               +--------+--------+--------+--------+--------+-----+--------+

Top non-repeatable levels by time:
       D: 648 daAuts
